 Dungeon Crawl Stone Soup version 0.31.0-12-g77e489cdc1 (webtiles) character file.

Game seed: 6606211962557073845

482721 NoWhale the Slayer (level 23, -7/188 HPs)
             Began as a Minotaur Berserker on Feb 23, 2024.
             Was an Elder of Trog.
             Mangled by a deep elf blademaster
             ... wielding a +0 rapier
              (18 damage)
             ... on level 3 of the Elven Halls on Feb 26, 2024.
             The game lasted 15:38:45 (51231 turns).

NoWhale the Slayer (Minotaur Berserker)            Turns: 51231, Time: 15:38:46

Health: -7/188     AC: 25    Str: 31    XL:     23   Next: 12%
Magic:  2/15       EV: 16    Int:  4    God:    Trog [****..]
Gold:   3639       SH: 26    Dex: 13    Spells: 22/22 levels left

rFire   + . .        i - +9 demon trident (vamp)
rCold   x . .        w - +5 tower shield
rNeg    + + .        d - +2 plate armour {rF+}
rPois   +            (helmet restricted)
rElec   .            s - scarf {repulsion}
rCorr   .            r - +2 pair of gloves
SInv    .            C - +2 pair of boots
Will    +....        b - amulet "Wupleu" {rC+ Regen+ Dex+3} Stlth
                     y - ring of willpower
HPRegen 0.00/turn    J - ring of Darkness {Wiz rPois rN++ Will- Stlth+}
MPRegen 0.14/turn

%: random rage (9%), repel missiles, wizardry (x1)
@: corroded, on berserk cooldown, sick, slowed, studying Maces & Flails, very
slow
A: horns 2, retaliatory headbutt, dopey 1, [berserk 2], [frail 2], low MP 2[+1],
[cold vulnerability 2], [inability to drink after injury 2]
}: 4/15 runes: decaying, serpentine, slimy, silver
a: Renounce Religion, Berserk, Trog's Hand, Brothers in Arms


You were on level 3 of the Elven Halls.
You worshipped Trog.
Trog was greatly pleased with you.
You visited 9 branches of the dungeon, and saw 44 of its levels.
You visited the Abyss 1 time.
You also visited: Wizlab.

You collected 6418 gold pieces.
You spent 2779 gold pieces at shops.

Inventory:

Hand Weapons
 i - a +9 vampiric demon trident (weapon)
 x - the +7 broad axe of Adverse Possession {flame, rC++ Will- Str+4}
   (You found it on level 3 of the Snake Pit)

   Str+4:     It affects your strength (+4).
   rC++:      It greatly protects you from cold.
   Will-:     It decreases your willpower.
 O - the +5 demon whip "Spellbinder" {antimagic, disrupt, Will+}
   (You found it on level 5 of the Pits of Slime)

   Will+:     It increases your willpower.
Missiles
 e - 30 boomerangs
 l - 8 atropa-tipped darts
 P - 2 throwing nets
 Z - 8 curare-tipped darts
Armour
 d - a +2 plate armour of fire resistance (worn)
 r - a +2 pair of gloves (worn)
 s - a scarf of repulsion (worn)
 w - a +5 tower shield (worn)
 C - a +2 pair of boots (worn)
 G - the +0 pair of gloves of Somewhere Else {Harm Will+ Str+4}
   (You found it on level 7 of the Abyss)

   Str+4:     It affects your strength (+4).
   Will+:     It increases your willpower.
   Harm:      It increases damage dealt and taken.
 L - a +2 chain mail of cold resistance
Jewellery
 b - the amulet "Wupleu" (around neck) {rC+ Regen+ Dex+3}
   (You acquired it on level 4 of the Lair of Beasts)

   [amulet of regeneration]

   Dex+3:     It affects your dexterity (+3).
   rC+:       It protects you from cold.
   Regen+:    It increases your rate of health regeneration.
 c - a ring of protection from cold
 h - an amulet of reflection
 j - the ring of Zomp {rF+ Dex+6}
   (You found it on level 5 of the Lair of Beasts)

   [ring of dexterity]

   Dex+6:     It affects your dexterity (+6).
   rF+:       It protects you from fire.
 o - a ring of poison resistance
 y - a ring of willpower (left hand)
 z - the ring "Zyse" {rCorr Dex+6}
   (You found it on level 5 of the Vaults)

   [ring of dexterity]

   Dex+6:     It affects your dexterity (+6).
   rCorr:     It protects you from acid and corrosion.
 A - the ring "Meoga" {Int+3 Slay+4 Stlth+}
   (You found it in a wizard's laboratory)

   [ring of slaying]

   Int+3:     It affects your intelligence (+3).
   Slay+4:    It affects your accuracy & damage with ranged weapons and melee
   (+4).
   Stlth+:    It makes you more stealthy.
 F - a ring of willpower
 J - the ring of Darkness (right hand) {Wiz rPois rN++ Will- Stlth+}
   (You found it on level 1 of the Elven Halls)

   [ring of wizardry]

   Wiz:       It improves your spell success rate.
   rPois:     It protects you from poison rN++: It greatly protects you from
   negative energy.
   Will-:     It decreases your willpower.
   Stlth+:    It makes you more stealthy.
 S - a +4 ring of slaying
Wands
 q - a wand of mindburst (37)
 v - a wand of flame (111)
 H - a wand of iceblast (17)
 I - a wand of polymorph (39)
 K - a wand of paralysis (9)
 T - a wand of light (21)
 W - a wand of digging (7)
Scrolls
 a - 15 scrolls of teleportation
 g - a scroll of blinking
 m - 3 scrolls of fear
 p - 5 scrolls of fog
 u - 4 scrolls of revelation
 E - a scroll of silence
 M - 2 scrolls of enchant weapon
 N - a scroll of brand weapon
 U - a scroll of summoning
Potions
 f - 6 potions of heal wounds
 n - 9 potions of curing
 t - 4 potions of haste
 D - 6 potions of enlightenment
 Q - 3 potions of cancellation
 Y - 6 potions of might
Miscellaneous
 k - a lightning rod (4/4)
 B - a sack of spiders
 R - a condenser vane
 V - a phantom mirror
 X - a phial of floods (quivered)


   Skills:
 + Level 25.7 Fighting
 - Level 16.0(18.8) Axes
 - Level 5.9(12.0) Maces & Flails
 - Level 15.3(18.1) Polearms
 - Level 5.4 Ranged Weapons
 - Level 5.0 Throwing
 - Level 20.3 Armour
 - Level 20.0 Dodging
 - Level 2.0 Stealth
 - Level 20.0 Shields
 - Level 10.0 Evocations


You had 22 spell levels left.
You didn't know any spells.
Your spell library was empty.

Dungeon Overview and Level Annotations

Branches:
Dungeon (15/15)            Temple (1/1) D:5            Lair (5/5) D:8
  Swamp (4/4) Lair:2        Snake (4/4) Lair:3        Slime (5/5) Lair:5
    Orc (2/2) D:11            Elf (3/3) Orc:2        Vaults (5/5) D:14
  Crypt (0/3) Vaults:2     Depths (0/4) D:15         WizLab (visited)

Altars:
Ashenzari
Cheibriados
Dithmenos
Elyvilon
Fedhas
Gozag
Hepliaklqana
Kikubaaqudgha
Makhleb
Nemelex Xobeh
Okawaru
Qazlal
Ru
Sif Muna
Trog
Uskayaw
Vehumet
Wu Jian
Xom
Yredelemnul
Zin
The Shining One
Jiyva

Shops:
D:5 =   D:9 [   Orc:2 ([*:   Elf:3 ?   Vaults:2 =   Vaults:5 ?

Portals:
Trove: D:10 (give 3 potions of resistance)

Annotations:
Elf:3 4 transporters
Vaults:2 3 runed translucent doors, eruonna's ghost, veteran HOBe


Innate Abilities, Weirdness & Mutations

You have a pair of horns on your head.
You reflexively headbutt those who attack you in melee.
You are dopey. (Int -2)
[You have an uncontrollable temper.]
[You are very frail. (-20% HP)]
[Your magical capacity is extremely low. (-30% MP)]
[You are very vulnerable to cold. (rC--)]
[You sometimes lose the ability to drink potions when taking damage.]


Message History

* * * LOW HITPOINT WARNING * * *
You block the deep elf blademaster's attack.
The deep elf blademaster hits you with a +0 rapier!
* * * LOW HITPOINT WARNING * * *
The deep elf master archer shoots an arrow.
The arrow hits you!
* * * LOW HITPOINT WARNING * * *
The deep elf master archer shoots an arrow.
The arrow misses you.
Blink to where?
Press: ? - help, Dir - move target
Okay, then.
As you read the scroll of fear, it crumbles to dust.
You assume a fearsome visage.
The deep elf master archer resists with almost no effort.
The acid blob resists with almost no effort.
The deep elf elementalist easily resists.
The deep elf death mage easily resists.
The deep elf annihilator looks frightened!
The deep elf blademaster resists with almost no effort.
The deep elf sorcerer resists with almost no effort.
The deep elf annihilator resists with almost no effort.
The deep elf sorcerer resists with almost no effort.
The deep elf archer resists with almost no effort.
You block the deep elf blademaster's attack.
The deep elf blademaster closely misses you.
You block the acid blob's attack.
The deep elf annihilator mumbles some strange words.
The deep elf annihilator blinks!
The deep elf sorcerer points at you and mumbles some strange words.
The bolt of acid hits the acid blob.
The acid blob completely resists.
The bolt of acid is repelled.
The bolt of acid hits your ogre!!!
Your ogre dies!
Your ogre's corpse disappears in a puff of smoke!
The deep elf annihilator gestures at you while chanting.
The crystal spear misses you.
The deep elf master archer shoots an arrow.
You block the arrow.
The deep elf blademaster hits you with a +0 rapier!!
You die...

..... ......e
...... #..e*..
...... #..ee. ....
.ee. #'#######e#
###.).......###
#.......e§.)..#
#......e).e...#
##..e...e@J)...##
##......§)[).....##
#.......###.......#
#......## ##......#
#.....## ##.....#
#.....# #..)..#
#.....## ##.....#
#......## ##......#
#.......###.......#


You could see a deep elf blademaster, an acid blob (unaware), a deep elf death
mage (empowered), a deep elf master archer, 3 deep elf annihilators, 3 deep elf
sorcerers, a deep elf archer (empowered, repels missiles), a deep elf high
priest (brilliance aura) and a lost soul (summoned).

Vanquished Creatures
  the Royal Jelly (Slime:5)
  An ancient lich (Vaults:4)
  Xtahua (Vaults:3)
  Vashnia (Snake:4)
  A golden dragon (Vaults:4)
  Jory (Vaults:4)
  Norris (Vaults:1)
  Jorgrun (D:13)
  3 tentacled monstrosities
  Zenata (Vaults:4)
  2 deep elf blademasters (Elf:3)
  22 acid blobs
  6 titans
  4 sphinxes
  3 quicksilver dragons
  2 tentacled starspawn (Abyss:7)
  6 ancient champions (WizLab)
  3 thorn hunters
  6 shadow dragons
  7 tengu reavers
  Donald (Swamp:3)
  Aizul (Snake:1)
  A revenant (WizLab)
  2 nagarajas (Snake:4)
  18 azure jellies
  2 fire giants
  11 rockslimes
  9 deep elf sorcerers
  3 frost giants
  13 vault wardens
  A caustic shrike zombie (WizLab)
  A spectral caustic shrike (WizLab)
  6 orc warlords
  7 very ugly things
  2 ghouls (Swamp:1)
  19 ironbound preservers
  26 quicksilver oozes
  3 deep elf elementalists (Elf:3)
  7 stone giants
  An ophan (Abyss:7)
  5 formless jellyfish
  An ironbound thunderhulk (Vaults:3)
  A lorocyproca (Abyss:7)
  8 deep elf annihilators
  Nessos (Lair:5)
  7 eleionomae
  5 deep elf death magi
  6 bunyips
  7 deep elf demonologists
  5 war gargoyles
  3 halazid warlocks (WizLab)
  8 dire elephants
  A spectral titan (WizLab)
  6 ettins
  Snorg (D:13)
  A spectral quicksilver dragon (WizLab)
  2 eidola (WizLab)
  4 jiangshi
  2 shambling mangroves
  5 deep elf high priests
  10 yaktaur captains
  3 entropy weavers
  9 great orbs of eyes
  The ghost of TangoThomas the Skirmisher, a journeyman TeHs of Ashenzari (Orc:1)
  A rakshasa (D:15)
  4 peacekeepers
  32 vault guards
  3 salamander tyrants (Snake:4)
  14 hydras
  5 ironbound frosthearts
  A ghost crab (Swamp:1)
  7 ogre magi
  A spriggan air mage (Swamp:1)
  3 alligators
  5 anacondas
  15 centaur warriors
  3 two-headed ogres
  12 naga warriors
  25 dancing weapons
  6 boulder beetles
  A vampire mage (Vaults:2)
  2 death yaks (Lair:5)
  10 thrashing horrors
  13 naga sharpshooters
  4 orc high priests (Orc:2)
  Sonja (Lair:1)
  8 shock serpents
  14 deep elf knights (Elf:2)
  A hell knight (Vaults:4)
  2 spectral spark wasps (WizLab)
  4 salamander mystics
  3 skysharks
  A spatial maelstrom (Abyss:7)
  2 spectral death yaks (Lair:5)
  3 shadow wraiths (WizLab)
  5 goliath frogs
  A spectral anaconda (Lair:5)
  31 deep trolls
  A sea snake (Snake:1)
  3 skeletal warriors (WizLab)
  A deep troll (shapeshifter) (Vaults:5)
  2 spriggan druids
  4 mana vipers
  7 naga ritualists
  2 glowing orange brains
  5 swamp dragons
  9 deep elf archers
  2 flayed ghosts
  8 bog bodies
  9 lindwurms
  A steelbarb worm (shapeshifter) (Vaults:4)
  7 necromancers
  An orange crystal statue (Snake:1)
  13 orc knights
  An obsidian statue (Lair:5)
  8 arcanists
  11 phantasmal warriors
  17 ironbound convokers
  37 deep elf pyromancers
  6 orc sorcerers
  15 deep elf zephyrmancers
  4 shining eyes
  2 will-o-the-wisps
  A human zombie (Vaults:3)
  10 salamanders
  3 cyclopes
  5 manticores
  21 ugly things
  A moth of wrath (Orc:1)
  A worldbinder (Abyss:7)
  34 black mambas
  4 guardian serpents
  30 elephants
  13 naga magi
  A smoke demon (Abyss:6)
  A fire giant skeleton (Vaults:3)
  2 torpor snails (shapeshifter)
  4 kobold blastminers
  5 eyes of devastation
  22 vault sentinels
  An unseen horror zombie (D:8)
  3 centaur skeletons (D:15)
  5 cane toads
  3 gargoyles
  2 unseen horrors
  2 kobold demonologists
  34 yaktaurs
  3 rime drakes
  6 komodo dragons
  A tormentor (Abyss:7)
  An ancient zyme (Abyss:7)
  2 harpy zombies (WizLab)
  4 tengu conjurers
  A spectral harpy (WizLab)
  A polar bear (Lair:5)
  A troll (shapeshifter) (Vaults:5)
  A yaktaur skeleton (Vaults:3)
  4 trolls
  2 hellwings (Abyss:6)
  11 hornets
  2 raiju (Abyss:7)
  13 tyrant leeches
  A glass eye (Slime:5)
  21 blink frogs
  A glass eye (shapeshifter) (Vaults:4)
  9 spriggans
  A spectral elephant (Lair:5)
  A wraith (D:12)
  2 shadows
  A spriggan (shapeshifter) (D:13)
  2 air elementals (Elf:2)
  An elf zombie (Vaults:3)
  132 slime creatures
  51 yaks
  A culicivora (Vaults:4)
  A water elemental (Elf:1)
  2 fire bats (Abyss:3)
  A steam dragon (Lair:3)
  3 wyverns
  5 golden eyes
  11 wargs (Orc:1)
  2 redbacks
  3 basilisks
  7 vampire mosquitoes
  2 death yak simulacra (Lair:5)
  43 nagas
  2 acid dragons (D:12)
  13 swamp worms
  12 water moccasins
  A sky beast (D:7)
  Pargi (D:4)
  A hornet zombie (D:8)
  11 swamp drakes
  37 orc warriors
  An ice beast (D:6)
  8 ogres
  8 laughing skulls (WizLab)
  2 elephant zombies (Lair:5)
  11 wolves
  9 boggarts
  10 centaurs
  An elephant skeleton (Lair:5)
  2 phantoms
  7 bullfrogs
  A necrophage (Swamp:1)
  2 earth elementals
  A small abomination (Abyss:3)
  A cane toad simulacrum (Lair:5)
  A gnoll sergeant (D:12)
  3 scorpions
  5 wights (D:7)
  14 killer bees
  An elephant simulacrum (Lair:5)
  8 electric eels
  4 howler monkeys
  2 lava snakes (Lair:3)
  4 hounds
  6 jellies
  4 centaur zombies
  Crazy Yiuf (D:3)
  3 bombardier beetles
  24 orc priests
  A gnoll bouda (D:8)
  2 iguanas
  7 hell rats (Lair:4)
  5 sleepcaps
  31 orc wizards
  A killer bee zombie (D:8)
  2 howler monkey zombies (D:8)
  16 gnolls
  11 adders
  A white imp (D:6)
  2 ufetubi (D:6)
  2 dart slugs (D:3)
  5 ribbon worms
  122 orcs
  7 ball pythons
  5 endoplasms
  10 giant cockroaches
  9 hobgoblins
  6 jackals (D:2)
  4 kobolds
  6 quokkas
  3 bats
  3 frilled lizards
  7 goblins
  10 rats
1793 creatures vanquished.

Vanquished Creatures (collateral kills)
  An acid blob (Slime:5)
  3 azure jellies
  Roxanne (Snake:1)
  A caustic shrike zombie (WizLab)
  2 ironbound preservers (Vaults:3)
  3 formless jellyfish
  2 quicksilver oozes (Slime:5)
  An ironbound thunderhulk (Vaults:2)
  A lorocyproca (Abyss:7)
  A halazid warlock (WizLab)
  2 shambling mangroves
  An eidolon (WizLab)
  2 vault guards (Vaults:2)
  A hydra (Swamp:4)
  An anaconda (Snake:3)
  A shadow wraith (WizLab)
  A large abomination (Abyss:7)
  A lindwurm (Swamp:4)
  3 swamp dragons
  A deep elf zephyrmancer (Elf:1)
  2 deep elf pyromancers
  A naga mage (Snake:4)
  An apocalypse crab (Abyss:7)
  An ancient zyme (Abyss:7)
  2 hornets (Swamp:1)
  A hellwing (Abyss:7)
  A tyrant leech (Swamp:4)
  A raiju (Abyss:7)
  A neqoxec (Abyss:7)
  2 nagas
  A starspawn tentacle (Abyss:7)
44 creatures vanquished.

Vanquished Creatures (others)
  A dancing weapon (Elf:3)
  A thrashing horror (Abyss:7)
  An occultist (D:15)
  2 deep elf knights
  A deep elf zephyrmancer (Elf:3)
  3 eyes of devastation (Abyss:7)
  A bloated husk (Swamp:2)
  2 vampire mosquitoes (Swamp:2)
  A laughing skull (WizLab)
  16 foxfires
  11 starspawn tentacles
40 creatures vanquished.

Grand Total: 1877 creatures vanquished

Notes
Turn   | Place    | Note
-------+----------+-------------------------------------------
     0 | D:1      | NoWhale the Minotaur Berserker began the quest for the Orb.
     0 | D:1      | Reached XP level 1. HP: 19/19 MP: 0/0
   231 | D:1      | Reached XP level 2. HP: 25/26 MP: 1/1
   609 | D:2      | Reached skill level 5 in Axes
   694 | D:1      | Reached XP level 3. HP: 30/31 MP: 2/2
  1007 | D:3      | Reached ** piety under Trog
  1039 | D:3      | Reached XP level 4. HP: 31/39 MP: 3/3
  1565 | D:3      | Found a snail-covered altar of Cheibriados.
  1590 | D:3      | Reached XP level 5. HP: 30/45 MP: 4/4
  1728 | D:3      | Found a shimmering altar of Xom.
  1775 | D:3      | Reached *** piety under Trog
  2054 | D:4      | Reached XP level 6. HP: 49/51 MP: 5/5
  2148 | D:3      | Found a runed translucent door.
  2149 | D:3      | Noticed Crazy Yiuf
  2160 | D:3      | Killed Crazy Yiuf
  2318 | D:4      | Found a sacrificial altar of Ru.
  2399 | D:5      | Entered Level 5 of the Dungeon
  2877 | D:4      | Reached XP level 7. HP: 42/57 MP: 6/6
  3079 | D:4      | Reached **** piety under Trog
  3147 | D:4      | Noticed Pargi
  3163 | D:4      | Killed Pargi
  3164 | D:4      | Reached skill level 10 in Axes
  3186 | D:4      | Found an ornate altar of the Wu Jian Council.
  3243 | D:4      | Found a shimmering blue altar of Sif Muna.
  3302 | D:4      | Found a hide-covered altar of Uskayaw.
  3327 | D:4      | Found a hazy altar of Hepliaklqana.
  3609 | D:4      | Found a burning altar of Makhleb.
  3609 | D:4      | Noticed a green death
  3617 | D:3      | D4 Green Death
  3735 | D:5      | Found a staircase to the Ecumenical Temple.
  3743 | Temple   | Entered the Ecumenical Temple
  3826 | D:5      | Found Fegupoc's Jewellery Shop.
  3962 | D:5      | Found a bloodstained altar of Trog.
  4160 | D:6      | Reached XP level 8. HP: 64/64 MP: 7/7
  4519 | D:5      | Bought a ring of willpower for 250 gold pieces
  4579 | D:6      | Found an opulent altar of Gozag.
  4596 | D:6      | Found a shadowy altar of Dithmenos.
  5406 | D:7      | Reached XP level 9. HP: 70/70 MP: 8/8
  5767 | D:7      | Reached skill level 15 in Axes
  5788 | D:7      | Found a glowing silver altar of Zin.
  5788 | D:7      | Found a blossoming altar of Fedhas.
  5789 | D:7      | Found a radiant altar of Vehumet.
  5796 | D:7      | Found an iron altar of Okawaru.
  5807 | D:7      | Found an ancient bone altar of Kikubaaqudgha.
  6153 | D:8      | Reached ***** piety under Trog
  6154 | D:8      | Found a basalt altar of Yredelemnul.
  6163 | D:8      | Reached skill level 4 in Fighting
  6186 | D:8      | Reached skill level 5 in Fighting
  6199 | D:8      | Reached skill level 6 in Fighting
  6613 | D:8      | Received a gift from Trog
  6640 | D:8      | Reached skill level 7 in Fighting
  6652 | D:8      | Found a broken altar of Ashenzari.
  6698 | D:8      | Reached XP level 10. HP: 86/86 MP: 9/9
  7157 | D:8      | Reached skill level 8 in Fighting
  7175 | D:8      | Found a sparkling altar of Nemelex Xobeh.
  7248 | D:8      | Found a staircase to the Lair.
  7313 | Lair:1   | Entered Level 1 of the Lair of Beasts
  7444 | D:9      | Found a stormy altar of Qazlal.
  7600 | D:9      | Reached skill level 9 in Fighting
  7638 | D:9      | Found Duikk's Antique Armour Shop.
  7786 | D:10     | Entered Level 10 of the Dungeon
  7845 | D:9      | Reached skill level 10 in Fighting
  8191 | D:10     | Noticed a gargoyle
  8199 | D:10     | Killed a gargoyle
  8268 | D:10     | Reached skill level 11 in Fighting
  8288 | D:10     | Noticed a two-headed ogre
  8294 | D:10     | Killed a two-headed ogre
  8311 | D:10     | Noticed a rust devil
  8325 | D:10     | Reached skill level 12 in Fighting
  8394 | D:10     | Noticed a cyclops
  8401 | D:10     | Killed a cyclops
  8442 | D:10     | Noticed a manticore
  8452 | D:10     | Killed a manticore
  8453 | D:10     | Reached skill level 13 in Fighting
  8453 | D:10     | Reached XP level 11. HP: 67/107 MP: 10/10
  8693 | D:10     | Noticed a vault guard
  8696 | D:10     | Killed a vault guard
  8697 | D:10     | Reached skill level 5 in Armour
  8710 | D:10     | Found a portal to a secret trove of treasure.
  8874 | D:10     | Found a white marble altar of Elyvilon.
  9215 | D:5      | Bought a ring of flight for 175 gold pieces
  9215 | D:5      | Bought a ring of see invisible for 150 gold pieces
  9250 | D:5      | Gained mutation: [Your magical capacity is low. (-10% MP)]
                  | [potion of mutation]
  9436 | D:10     | D10 3 pot resist
  9527 | D:11     | Found a staircase to the Orcish Mines.
  9572 | D:11     | Noticed a centaur warrior
  9582 | D:11     | Killed a centaur warrior
  9583 | D:11     | Reached skill level 1 in Shields
 10158 | D:11     | Noticed a boulder beetle
 10164 | D:11     | Killed a boulder beetle
 10335 | D:12     | Reached skill level 5 in Dodging
 10467 | D:12     | Reached skill level 5 in Shields
 10469 | D:12     | Identified the +10 trident of Frustration {flame, Will+}
 10746 | D:12     | Noticed a two-headed ogre
 10750 | D:12     | Killed a two-headed ogre
 10751 | D:12     | Reached skill level 1 in Polearms
 10787 | D:12     | Noticed a red ugly thing
 10797 | D:12     | Killed a red ugly thing
 10958 | D:12     | Reached XP level 12. HP: 115/115 MP: 9/9
 11081 | D:12     | Noticed a two-headed ogre
 11087 | D:12     | Killed a two-headed ogre
 11229 | Lair:1   | Noticed Sonja
 11239 | Lair:1   | Killed Sonja
 11273 | Lair:1   | Identified the +6 quarterstaff "Utimn" {freeze, Will+}
 11300 | Lair:1   | Received a gift from Trog
 12121 | Lair:3   | Reached skill level 5 in Polearms
 12192 | Lair:2   | Reached skill level 10 in Armour
 12683 | Lair:2   | Found a staircase to the Swamp.
 13011 | Lair:3   | Found a staircase to the Snake Pit.
 13864 | Lair:4   | Reached XP level 13. HP: 96/121 MP: 10/10
 13972 | Lair:3   | Received a gift from Trog
 14014 | Lair:4   | Identified a scroll of acquirement
 14015 | Lair:4   | Acquired the amulet "Wupleu" {rC+ Regen+ Dex+3}
 14405 | Lair:5   | Entered Level 5 of the Lair of Beasts
 14779 | Lair:5   | Noticed Nessos
 14819 | Lair:5   | Killed Nessos
 15231 | Lair:5   | Found a staircase to the Slime Pits.
 15301 | Lair:5   | Reached skill level 1 in Ranged Weapons
 15310 | Lair:5   | Reached skill level 1 in Throwing
 15310 | Lair:5   | Reached skill level 1 in Evocations
 15314 | Lair:5   | Found a viscous altar of Jiyva.
 15386 | Lair:5   | Noticed a dire elephant
 15387 | Lair:5   | Noticed a dire elephant
 15409 | Lair:5   | Found the amulet of Vitality {RegenMP++ Regen++}
 15439 | Lair:5   | Reached ****** piety under Trog
 15445 | Lair:5   | Noticed a dire elephant
 15452 | Lair:5   | Killed a dire elephant
 15519 | Lair:5   | Reached XP level 14. HP: 126/129 MP: 11/11
 15769 | Lair:5   | Reached skill level 5 in Ranged Weapons
 15796 | Lair:5   | Identified the ring of Zomp {rF+ Dex+6}
 16144 | Orc:1    | Entered Level 1 of the Orcish Mines
 16211 | Orc:1    | Reached skill level 10 in Shields
 16245 | Orc:1    | Received a gift from Trog
 16324 | Orc:2    | Entered Level 2 of the Orcish Mines
 16646 | Orc:1    | Found a transporter.
 16652 | Orc:1    | Noticed TangoThomas's ghost (journeyman TeHs)
 16665 | Orc:1    | Found a transporter.
 17305 | Orc:2    | Found a staircase to the Elven Halls.
 17326 | Orc:2    | Received a gift from Trog
 17414 | Orc:2    | Noticed an orc warlord
 17443 | Orc:1    | Killed an orc warlord
 17482 | Orc:2    | Reached skill level 10 in Dodging
 17776 | Orc:2    | Found Waof's General Store.
 17777 | Orc:2    | Found Leumom's Book Emporium.
 17782 | Orc:2    | Found Lomno's Antique Armour Shoppe.
 17782 | Orc:2    | Found Pokua's Antique Weapon Shoppe.
 17991 | D:9      | Bought a pair of embroidered boots for 210 gold pieces
 17991 | D:9      | Bought a pitted chain mail for 266 gold pieces
 17991 | D:9      | Identified the +0 chain mail of Makhleb's Inspiration
                  | {Str+7 Slay+2 Stlth+} (You bought it in a shop on level 9
                  | of the Dungeon)
 18268 | D:13     | Identified the +1 sling of Floods {heavy, rPois}
 18380 | D:13     | Noticed Snorg
 18391 | D:13     | Killed Snorg
 18554 | D:13     | Noticed Jorgrun
 18569 | D:13     | Killed Jorgrun
 18661 | D:13     | Reached skill level 10 in Polearms
 19072 | D:13     | Reached skill level 14 in Fighting
 19707 | D:14     | Reached XP level 15. HP: 118/138 MP: 12/12
 19800 | D:14     | Found a gate to the Vaults.
 19812 | D:15     | Entered Level 15 of the Dungeon
 20015 | D:14     | Identified the +6 bardiche "Wohuytol" {flame, Str+6} (Trog
                  | gifted it to you on level 14 of the Dungeon)
 20015 | D:14     | Received a gift from Trog
 20796 | D:15     | Found a staircase to the Depths.
 21416 | Swamp:1  | Entered Level 1 of the Swamp
 21880 | Swamp:1  | Found a basalt altar of Yredelemnul.
 22216 | Swamp:2  | Noticed a thorn hunter
 22237 | Swamp:2  | Received a gift from Trog
 22539 | Swamp:2  | Killed a thorn hunter
 22705 | Swamp:3  | Reached skill level 15 in Fighting
 22771 | Swamp:3  | Noticed Donald
 22888 | Swamp:3  | Reached XP level 16. HP: 101/149 MP: 13/13
 23100 | Swamp:3  | Killed Donald
 23319 | Swamp:4  | Entered Level 4 of the Swamp
 23445 | Swamp:4  | Noticed a thorn hunter
 23457 | Swamp:4  | Killed a thorn hunter
 23687 | Swamp:4  | Received a gift from Trog
 23904 | Swamp:4  | Reached skill level 15 in Armour
 23913 | Swamp:4  | Noticed a tentacled monstrosity
 23923 | Swamp:4  | Killed a tentacled monstrosity
 24018 | Swamp:4  | Got a decaying rune of Zot
 24034 | Swamp:4  | Noticed a thorn hunter
 24042 | Swamp:4  | Killed a thorn hunter
 24167 | Snake:1  | Entered Level 1 of the Snake Pit
 24247 | Snake:1  | Reached skill level 16 in Fighting
 24248 | Snake:1  | Identified the serpent talisman of Experimentation {rCorr
                  | Int+4 Dex+2}
 24248 | Snake:1  | Noticed Aizul
 24272 | Snake:1  | Killed Aizul
 24881 | Snake:1  | Noticed Roxanne
 24995 | Snake:1  | Killed Roxanne
 25173 | Snake:2  | Identified the +4 spear of Cowardice {flame, rPois}
 25236 | Snake:2  | Reached XP level 17. HP: 155/158 MP: 4/14
 25438 | Snake:2  | Identified the +0 robe of the Orange Skies {rElec}
 25657 | Snake:2  | Received a gift from Trog
 25732 | Snake:2  | Reached skill level 15 in Polearms
 26132 | Snake:4  | Entered Level 4 of the Snake Pit
 26357 | Snake:4  | Reached skill level 15 in Shields
 26880 | Snake:3  | Identified the +7 broad axe of Adverse Possession {flame,
                  | rC++ Will- Str+4}
 27459 | Snake:4  | Received a gift from Trog
 27618 | Snake:4  | Got a serpentine rune of Zot
 27686 | Snake:4  | Noticed Vashnia
 27725 | Snake:4  | Killed Vashnia
 28205 | Slime:1  | Entered Level 1 of the Pits of Slime
 28260 | Slime:1  | Noticed an acid blob
 28270 | Slime:1  | Killed an acid blob
 28271 | Slime:1  | Reached XP level 18. HP: 115/167 MP: 15/15
 28446 | Slime:1  | Received a gift from Trog
 29985 | Slime:4  | Received a gift from Trog
 29986 | Slime:4  | Reached skill level 17 in Fighting
 30038 | Slime:5  | Entered Level 5 of the Pits of Slime
 30173 | Slime:5  | Found the +5 demon whip "Spellbinder" {antimagic, disrupt,
                  | Will+}
 30221 | Slime:5  | Gained mutation: [Your magical capacity is very low. (-20%
                  | MP)] [a shining eye]
 30222 | Slime:5  | Gained mutation: You are dopey. (Int -2) [a shining eye]
 30240 | Slime:4  | Paralysed by a formless jellyfish for 1 turns
 30252 | Slime:5  | Paralysed by a formless jellyfish for 1 turns
 30722 | Slime:3  | You fall into a shaft and drop 1 floor!
 31197 | Slime:5  | Found a viscous altar of Jiyva.
 31556 | Slime:4  | You fall into a shaft and drop 1 floor!
 31637 | Slime:5  | Noticed the Royal Jelly
 32289 | Vaults:1 | Entered Level 1 of the Vaults
 32492 | Vaults:1 | Found a magical portal.
 32509 | WizLab   | Entered Borgnjor's Mausoleum
 32555 | WizLab   | Reached XP level 19. HP: 140/179 MP: 14/14
 32792 | WizLab   | Reached skill level 18 in Fighting
 32805 | WizLab   | Reached skill level 15 in Dodging
 33293 | WizLab   | Identified the ring "Meoga" {Int+3 Slay+4 Stlth+}
 33608 | Vaults:1 | Noticed Norris
 33633 | Vaults:1 | Killed Norris
 34017 | Vaults:2 | Reached skill level 19 in Fighting
 34681 | Vaults:2 | Received a gift from Trog
 34756 | Vaults:2 | Reached XP level 20. HP: 191/191 MP: 15/15
 35249 | Vaults:2 | Found a runed translucent gate.
 35250 | Vaults:2 | Found a runed translucent gate.
 35250 | Vaults:2 | Found a runed translucent gate.
 35252 | Vaults:2 | Noticed eruonna's ghost (veteran HOBe)
 35460 | Vaults:2 | Found a staircase to the Crypt.
 35536 | Vaults:2 | Found Diexudib's Jewellery Shoppe.
 35563 | Vaults:2 | Bought a ring of protection from cold for 350 gold pieces
 35731 | Vaults:3 | Reached skill level 20 in Fighting
 35979 | Vaults:3 | Received a gift from Trog
 36636 | Vaults:4 | Noticed Zenata
 36655 | Vaults:4 | Killed Zenata
 37015 | Vaults:3 | Received a gift from Trog
 37043 | Vaults:3 | Noticed Xtahua
 37070 | Vaults:3 | Killed Xtahua
 37920 | Vaults:5 | Entered Level 5 of the Vaults
 38039 | Vaults:4 | Reached skill level 21 in Fighting
 38101 | Vaults:4 | Reached XP level 21. HP: 204/204 MP: 15/15
 38264 | Vaults:4 | Noticed Jory
 38280 | Vaults:4 | Killed Jory
 38646 | Vaults:4 | Noticed an ancient lich
 38655 | Vaults:4 | Killed an ancient lich
 39411 | Vaults:5 | Reached skill level 5 in Evocations
 40078 | Vaults:5 | Noticed a golden dragon
 40367 | Vaults:4 | Killed a golden dragon
 40723 | Vaults:5 | Identified the ring of the Many Tales {*Slow rPois rN+
                  | Str+8 Stlth+}
 40902 | Vaults:4 | Received a gift from Trog
 41672 | Vaults:5 | Reached skill level 10 in Evocations
 42198 | Vaults:4 | Reached XP level 22. HP: 116/213 MP: 16/16
 42752 | Vaults:5 | Found Ryliompe's Magic Scroll Shoppe.
 42756 | Vaults:5 | Identified the +1 morningstar of Destiny {elec, *Rage rElec
                  | Dex+5}
 42757 | Vaults:5 | Identified the ring "Zyse" {rCorr Dex+6}
 42764 | Vaults:5 | Bought a scroll of blinking for 105 gold pieces
 42764 | Vaults:5 | Bought a scroll of teleportation for 42 gold pieces
 42764 | Vaults:5 | Bought a scroll of teleportation for 42 gold pieces
 42764 | Vaults:5 | Bought a scroll of blinking for 105 gold pieces
 42764 | Vaults:5 | Bought a scroll of fear for 56 gold pieces
 42820 | Vaults:5 | Reached skill level 22 in Fighting
 42945 | Vaults:5 | Identified the +1 long sword of Hospitality {chaos, Stlth+}
 43116 | Vaults:5 | Identified the staff of Wyrd {rF+ rN+ Necro}
 43327 | Vaults:5 | Reached skill level 1 in Stealth
 43505 | Vaults:5 | Got a silver rune of Zot
 46035 | Slime:5  | Killed the Royal Jelly
 46036 | Slime:5  | Reached skill level 5 in Throwing
 46346 | Slime:5  | Identified the +0 battleaxe of Classification {drain, rPois
                  | rN++ Int-3}
 46406 | Slime:5  | Got a slimy rune of Zot
 46476 | Slime:5  | Identified the +2 robe "Mejyo" {-Cast Harm rC+++ Int-4}
 47702 | Orc:1    | Reached skill level 1 in Maces & Flails
 47708 | Orc:1    | Killed TangoThomas's ghost
 47734 | Orc:1    | Identified the +1 helmet "Ima Xeob" {*Slow rPois rCorr}
 47735 | Orc:1    | Identified the +7 rapier "Yqotynta" {elec, rCorr}
 47853 | Orc:2    | Bought 2 potions of haste for 220 gold pieces
 47853 | Orc:2    | Bought a sack of spiders for 440 gold pieces
 47864 | Orc:2    | Bought a transparent mace for 200 gold pieces
 47864 | Orc:2    | Identified the +4 mace "Apross" {flame, rF+ Str-2 Int+2}
                  | (You bought it in a shop on level 2 of the Orcish Mines)
 47914 | Elf:1    | Entered Level 1 of the Elven Halls
 48019 | Elf:1    | Reached skill level 5 in Maces & Flails
 48714 | Elf:1    | Identified the ring of Darkness {Wiz rPois rN++ Will-
                  | Stlth+}
 48808 | Elf:2    | Paralysed by an air elemental for 1 turns
 48820 | Elf:2    | Paralysed by an air elemental for 1 turns
 48828 | Elf:2    | Paralysed by an air elemental for 1 turns
 48992 | Elf:3    | Entered Level 3 of the Elven Halls
 49087 | Elf:2    | Identified the +5 glaive of Enyptuxi {heavy, +Blink rCorr
                  | Str-2} (Trog gifted it to you on level 2 of the Elven
                  | Halls)
 49087 | Elf:2    | Received a gift from Trog
 49091 | Elf:2    | Reached skill level 23 in Fighting
 49320 | Elf:2    | Found a runed translucent gate.
 49321 | Elf:2    | Found a runed translucent gate.
 49321 | Elf:2    | Found a runed translucent gate.
 49556 | Elf:2    | Identified the blade talisman "Huhuit" {rPois Will++ Int+2}
 49711 | Elf:2    | Reached skill level 24 in Fighting
 49845 | Elf:3    | Found a transporter.
 49905 | Elf:3    | Found a transporter.
 49910 | Elf:3    | Received a gift from Trog
 49921 | Elf:3    | Found a transporter.
 49935 | Elf:3    | Found Tucoan's Magic Scroll Shop.
 49952 | Elf:3    | Bought a scroll of blinking for 120 gold pieces
 49952 | Elf:3    | Bought a scroll of teleportation for 48 gold pieces
 50070 | Elf:3    | Found a transporter.
 50804 | Elf:3    | Identified the +7 dagger of Doom {drain, Int+3}
 50860 | Elf:3    | Identified the +10 dagger "Coishreof" {speed, Will+ Str+3}
 50860 | Elf:3    | Identified the ring of Gokuigre {rN+ Dex+6}
 50864 | Elf:3    | Received a gift from Trog
 50865 | Elf:3    | Reached skill level 25 in Fighting
 50871 | Abyss:3  | Cast into level 3 of the Abyss (a deep elf sorcerer)
 50965 | Abyss:4  | Found a corrupted altar of Lugonu.
 51000 | Abyss:6  | Found a corrupted altar of Lugonu.
 51060 | Abyss:7  | Entered Level 7 of the Abyss
 51079 | Abyss:7  | Reached XP level 23. HP: 200/234 MP: 5/17
 51155 | Abyss:7  | Identified the +0 pair of gloves of Somewhere Else {Harm
                  | Will+ Str+4}
 51160 | Abyss:7  | Paralysed by accursed screaming for 1 turns
 51164 | Abyss:7  | Identified the ring "Goahaoss" {^Contam Str+3 Int+3 Dex+6
                  | SInv}
 51165 | Abyss:7  | Paralysed by accursed screaming for 2 turns
 51221 | Abyss:7  | Found a corrupted altar of Lugonu.
 51229 | Elf:3    | Escaped the Abyss
 51231 | Elf:3    | Mangled by a deep elf blademaster

Illustrated notes .................###.)...# ###...........#### #.....# ≈≈≈≈..........# #.....# ...≈≈.........# #.....# .○§.≈.........# ####### .°○.~..#.###### .§..≈....# #### ...≈≈..#######>.## ≈≈≈≈#......:.##[@# #####..#####.###.##### #####..# #.........# .......# ##........# #####.## #........# # #.## #........# #####..# #........# )).....## #........# #####...# #........# Turn 3617 on D:3: D4 Green Death

##..#........# #......)...
##...........###..........
#................##.......
#............###..........
####........).....:....†##
##......................#
#.............#..........
###...........###........
##..#...@...### ##.......
##...#....##.# ###....#
#...###....### #...##
###...###..### ##.###
###..........### ### #
#........#.#...#
#....#########.#
##...#...#≈.≈#.#
#####.∩.'...[.#


Turn 9436 on D:10: D10 3 pot resist

Levels and vault maps discovered:
D:1:      dpeg_arrival_rooms_with_view, layout_loops_ring,
          dreamdust_wishing_well
D:2:      layout_loops_cross
D:3:      layout_rooms, cheibriados_altar_1, xom_confusion_cloud,
          minmay_joined_circles, uniq_crazy_yiuf_cottage
D:4:      mumra_celtic_spiral_tile, layout_gridville,
          mainiacjoe_overflow_concentric_impassable,
          mainiacjoe_overflow_alcove_2, lemuel_tele_altar,
          nicolae_hepliaklqana_hazy_memory, makhleb_altar_promises_db,
          kennysheep_mini, uniq_pargi
D:5:      layout_basic, trog_book, minmay_temple_entry_mini_moons, serial_shops,
          nicolae_shop_trees
D:6:      layout_loops_ring, nicolae_overflow_squiral, grunt_potential
D:7:      layout_rooms, minmay_overflow_temple_star_hex
D:8:      layout_loops_corners, lemuel_coloured_pillars_altar,
          nicolae_yredelemnul_corpse_copse, nicolae_ashenzari_panopticon,
          dpeg_oklobed_lair
D:9:      layout_roguey, nicolae_qazlal_general_emergency, serial_shops,
          kennysheep_mini_moat
D:10:     kennysheep_six_static_rooms, layout_cave_pools,
          nicolae_elyvilon_peaceful_grove, enter_trove_5
D:11:     layout_loops_ring, hiddenorc2_lemuel
D:12:     layout_loops_corners, kennysheep_generic_room_16
D:13:     layout_grid_maze, uniq_snorg, uniq_jorgrun
D:14:     layout_cave_pods, hellmonk_vaults_order_and_chaos, chequers_garden,
          serial_rivers, chequers_serial_rivers_small_3,
          chequers_serial_rivers_micro_b, chequers_serial_rivers_small_b,
          chequers_serial_rivers_small_b, chequers_serial_rivers_marsh
D:15:     grunt_enter_depths_magical_seal, layout_loops_ring,
          grunt_decor_one_mirror
Temple:   ebering_the_one_and_only
Lair:1:   layout_misc_corridors, small_statue_intersection, uniq_sonja
Lair:2:   layout_cave_pods, nicolae_swamp_entry_splash_gauntlet
Lair:3:   layout_concentric_octagons, nicolae_snake_entry_warm_welcome,
          serial_bayou_lake_a, lemuel_fruit_tree
Lair:4:   layout_loops_ring
Lair:5:   due_jungle_book, layout_misc_corridors,
          nicolae_slime_entry_field_trip, uniq_nessos
Swamp:1:  layout_basic_swamp, basic_altar, swamp_pool_1_2,
          infiniplex_staircase_pool
Swamp:2:  layout_basic_swamp, hangedman_swamp_ruin_wall,
          nicolae_swamp_long_stream
Swamp:3:  layout_basic_swamp, evilmike_swamp_ruin_house_4, uniq_donald
Swamp:4:  swamp_alternative, layout_basic_swamp, swamp_pool_1_2
Snake:1:  layout_grid_shapes, dpeg_stationary_puzzle, grunt_megastairs_1,
          serial_bayou_shore_a, uniq_roxanne, uniq_aizul
Snake:2:  layout_rooms
Snake:3:  layout_onion, serial_bayou_shore_b
Snake:4:  johnstein_snake_rune_scales, layout_onion, serial_bayou_shore_b
Slime:1:  layout_caves
Slime:2:  layout_caves
Slime:3:  cheibrodos_slime_lost_civilization_2, layout_caves
Slime:4:  layout_caves
Slime:5:  slime_pit_nicolae_inversion
Orc:1:    layout_diamond_mine, gammafunk_ghost_berserking_beasts
Orc:2:    st_orc_congregation, layout_diamond_mine
Elf:1:    minmay_elf_arrival_summoners, layout_geoelf_grid, minmay_elf_sorcery,
          serial_library_regret_index_double_sided, fountainhead, drop_trap
Elf:2:    nicolae_elf_blades_splatter_lattice [nicolae_blade_tridents],
          layout_geoelf_diagonals, minivault_25
Elf:3:    nooodl_elf_gasket, layout_onion_city, serial_shops, shop,
          serial_nicolae_subway, nicolae_sub_station_metal,
          nicolae_sub_station_crystal, nicolae_sub_station_stone
Vaults:1: infiniplex_enter_wizlab_water, nicolae_vaults_little_squares_1,
          v_misc_29, vaults_mumra_minichess_inversion, grunt_vaults_focal,
          st_lines, vaults_room_pool, nicolae_vaults_closet_pinwheel_4,
          nicolae_vaults_surprise_closet, layout_vaults_quadrants, uniq_norris
Vaults:2: gammafunk_ghost_tricky_traps, nicolae_vaults_trapezoid_4,
          nicolae_vaults_heart-shaped_vault, minmay_crypt_entry_simple_round,
          v_rooms_1, nicolae_vaults_network_quinsquares
          [nicolae_vaults_network_quincunx_subvault,
          nicolae_vaults_network_quincunx_subvault,
          nicolae_vaults_network_quincunx_subvault,
          nicolae_vaults_network_quincunx_subvault],
          nicolae_vaults_yaktaur_gun_rack, nicolae_vaults_storage_closets_2,
          vaults_room_boxed, vaults_room_octagon,
          nicolae_vaults_diagonal_hallway_9, vaults_room_door_ring,
          nicolae_vaults_house_3, layout_vaults_maze, serial_shops, shop
Vaults:3: nicolae_vaults_closet_pinwheel_3, nicolae_vaults_tetromino_T_1,
          nicolae_vaults_little_ls, v_pattern_2, v_misc_30, v_misc_9,
          nicolae_vaults_layer_cake_slice, nicolae_vaults_tetromino_L_2,
          nicolae_vaults_library_corner, nicolae_vaults_tetromino_T_2,
          nicolae_vaults_storage_room_statues, layout_vaults_omnicross,
          uniq_xtahua
Vaults:4: nicolae_vaults_alarming, v_pattern_1, ontoclasm_vaults_bender,
          nicolae_vaults_bisected_slash, nicolae_vaults_shipping_containers_2,
          nicolae_vaults_asterisk, ontoclasm_vaults_loading_screen,
          nicolae_vaults_tetromino_L_2, nicolae_vaults_house_1,
          nicolae_vaults_apartment_1, layout_vaults_big_room, uniq_jory,
          uniq_zenata
Vaults:5: serial_shops

Skill      XL: |  1  2  3  4  5  6  7  8  9 10 11 12 13 14 15 16 17 18 19 20 21 22 |
---------------+-------------------------------------------------------------------+-----
Axes           | 4 5 6 7 8 9 11 14 16 | 16.0
Fighting       | 7 13 14 15 16 17 19 21 25 | 25.7
Armour         | 8 10 11 13 14 15 17 18 20 | 20.3
Dodging        | 5 8 9 10 11 13 14 16 18 20 | 20.0
Shields        | 5 8 9 11 12 14 18 19 20 | 20.0
Polearms       | 1 7 9 10 12 14 15 | 15.3
Ranged Weapons | 3 5 |  5.4
Throwing       | 3 4 5 |  5.0
Evocations     | 2 4 10 | 10.0
Stealth        | 2 |  2.0
Maces & Flails | 5 |  5.9

Action                     |  1- 3 |  4- 6 |  7- 9 | 10-12 | 13-15 | 16-18 | 19-21 | 22-24 || total
---------------------------+-------+-------+-------+-------+-------+-------+-------+-------++-------
  Melee: Hand axe          |    57 |   191 |   249 |       |       |       |       |       ||   497
         Headbutt          |    12 |    29 |    71 |   102 |   240 |   333 |   447 |   256 ||  1490
         Punch             |     1 |     1 |       |       |       |       |       |       ||     2
         War axe           |       |       |   102 |   257 |   254 |     1 |       |       ||   614
         Battleaxe         |       |       |       |    47 |       |       |       |       ||    47
         Trident           |       |       |       |   232 |   944 |  1146 |   691 |       ||  3013
         Broad axe         |       |       |       |       |    42 |   395 |   386 |    95 ||   918
         Demon trident     |       |       |       |       |       |       |   445 |   159 ||   604
         Demon whip        |       |       |       |       |       |       |       |   700 ||   700
   Fire: Shortbow          |       |       |       |    23 |       |     8 |       |       ||    31
  Throw: Stone             |       |     1 |     6 |     2 |       |       |       |       ||     9
         Boomerang         |       |       |       |     2 |    13 |     7 |     2 |     3 ||    27
         Dart              |       |       |       |     1 |    17 |       |       |       ||    18
 Invoke: Berserk           |       |     1 |       |     1 |     3 |     5 |    11 |     4 ||    25
         Trog's Hand       |       |       |     4 |     1 |    12 |     9 |    30 |    14 ||    70
         Brothers in Arms  |       |       |       |       |     1 |    12 |     9 |     3 ||    25
  Evoke: Wand              |       |       |       |       |     2 |     3 |       |    11 ||    16
         Phial of floods   |       |       |       |       |       |     1 |       |       ||     1
         Lightning rod     |       |       |       |       |       |       |       |     4 ||     4
    Use: Scroll            |     4 |       |     8 |     6 |     9 |     8 |    11 |    14 ||    60
         Potion            |       |     1 |     1 |     8 |     2 |     7 |     2 |    12 ||    33
   Stab: Distracted        |       |       |       |       |     1 |       |     2 |       ||     3
         Confused          |       |       |       |       |     1 |       |       |       ||     1
 Armour: Ring mail         |    31 |    60 |       |       |       |       |       |       ||    91
         Animal skin       |     1 |       |       |       |       |       |       |       ||     1
         Scale mail        |       |    30 |       |       |       |       |       |       ||    30
         Chain mail        |       |    24 |   160 |    16 |   115 |       |       |       ||   315
         Plate armour      |       |       |       |   250 |   364 |       |   344 |   293 ||  1251
         Swamp dragon scal |       |       |       |       |   112 |   605 |   179 |       ||   896
         Shadow dragon sca |       |       |       |       |       |       |       |   146 ||   146
  Dodge: Dodged            |    27 |    84 |   144 |   112 |   236 |   403 |   273 |   271 ||  1550
         Repelled          |       |       |       |       |       |    24 |    18 |    25 ||    67
  Block: Buckler           |       |    11 |    35 |     9 |       |       |       |       ||    55
         Tower shield      |       |       |       |   218 |   749 |  1197 |  1275 |  1195 ||  4634
         Reflection        |       |       |       |    10 |     1 |       |    48 |    43 ||   102
